[Event "Titled Tuesday Blitz March 21 Late 2023"]
[White "Stelmaszyk, Nico"]
[Black "Martynov, Pavel"]
[WhiteFideId "16200462"]
[BlackFideId "4101260"]
[WhiteElo "2255"]
[BlackElo "2314"]
[Result "1/2-1/2"]
[Round "04"]
[TimeControl "180+2"]
[Date "2023.03.21"]
[WhiteClock "0:00:01"]
[BlackClock "0:00:06"]

1. e4 c5 2. c3 d5 3. exd5 Qxd5 4. d4 e6 5. Nf3 Nf6 6. Be2 Nc6 7. O-O Be7 8. c4 Qd7 9. dxc5 Qxd1 10. Rxd1 Bxc5 11. a3 a5 12. Nc3 O-O 13. h3 e5 14. Bg5 Nd4 15. Nxd4 Bxd4 16. Bxf6 gxf6 17. Nd5 Kg7 18. Rab1 Bf5 19. Bd3 Be6 20. b4 axb4 21. axb4 Ra2 22. Ne3 h5 23. c5 Kh6 24. Rbc1 Rg8 25. Rc2 Ra3 26. Nf5+ Kg5 27. Nxd4 exd4 28. Be4 Bb3 29. Rxd4 Bxc2 30. Bxc2 b6 31. cxb6 Rb8 32. h4+ Kh6 33. Rd6 Kg7 34. Be4 Ra6 35. b5 Raxb6 36. Bc6 Ra8 37. Rd5 Rh8 38. g3 Kg6 39. Kg2 Rhb8 40. Kf3 Rc8 41. Rc5 Rd8 42. Kf4 Rd2 43. f3 Rd4+ 44. Ke3 Rb4 45. Rd5 Rb8 46. Rd2 f5 47. Kf2 f4 48. Be4+ f5 49. Bc6 fxg3+ 50. Kxg3 f4+ 51. Kh3 Kf6 52. Rd6+ Ke7 53. Rh6 Rg8 54. Rxh5 Rg3+ 55. Kh2 Rb2+ 56. Kh1 Rgg2 57. Re5+ Kd6 58. Rf5 Rgd2 59. Rg5 Rh2+ 60. Kg1 Rxh4 61. Rg4 Rhh2 62. Rxf4 Rbg2+ 63. Kf1 Rb2 64. Rd4+ Kc5 65. Rd5+ Kb6 66. Kg1 Rhg2+ 67. Kh1 Rh2+ 68. Kg1 Rhe2 69. Rd1 Rg2+ 70. Kh1 Rh2+ 71. Kg1 Rbg2+ 72. Kf1 Rf2+ 73. Kg1 Rb2 74. f4 Rhf2 75. Rf1 Rh2 76. f5 Rh8 77. Re1 Rg8+ 78. Kf1 Rh8 79. Kg1 Rf8 80. Kf1 Rxf5+ 81. Kg1 Rg5+ 82. Kf1 Rf5+ 83. Kg1 Rf4 84. Re6 Ka5 85. Re3 Rg4+ 86. Kh1 Rd4 87. Rg3 Rd1+ 88. Rg1 Rdd2 89. Rg3 Kb6 90. Rg4 Rf2 91. Rg6 Ka5 92. Rg5 Rh2+ 93. Kg1 Rhd2 94. Kh1 Kb6 95. Rg6 Rf2 96. Rg5 Rbd2 97. Rg6 Rd4 98. Kg1 Rfd2 99. Kf1 Rc4 100. Re6 Rc1+ 101. Re1 Rcc2 102. Kg1 Rf2 103. Kh1 Rfd2 104. Kg1 Rc3 105. Rf1 Rg3+ 106. Kh1 Rh3+ 107. Kg1 Rh6 108. Rf2 Rg6+ 109. Kf1 Rxf2+ 110. Kxf2 Rxc6 111. bxc6 Kxc6 1/2-1/2


[Site "https://www.chess.com"]

[Event "Titled Tuesday Blitz March 21 Late 2023"]
[White "Girsh, Daniel"]
[Black "Popov, Mikhail"]
[WhiteFideId "30949190"]
[BlackFideId "4146182"]
[WhiteElo "2075"]
[BlackElo "2270"]
[Result "0-1"]
[Round "04"]
[TimeControl "180+2"]
[Date "2023.03.21"]
[WhiteClock "0:00:20"]
[BlackClock "0:00:07"]

1. e4 e6 2. d4 d5 3. Nc3 Nf6 4. e5 Nfd7 5. f4 c5 6. Nf3 Nc6 7. Be3 a6 8. Qd2 b5 9. dxc5 Bxc5 10. Bd3 Qb6 11. Bf2 O-O 12. O-O f6 13. exf6 Nxf6 14. Kh1 Bxf2 15. Rxf2 Bd7 16. Re1 Rae8 17. Rfe2 Nh5 18. g3 Nf6 19. Ng5 Nd4 20. Rg2 h6 21. Bg6 hxg5 22. fxg5 Nf3 23. Qe3 Qxe3 24. Rxe3 Nxg5 25. Bxe8 Rxe8 26. h4 Nge4 27. Nxe4 Nxe4 28. Kh2 Rf8 29. c3 e5 30. Rd3 Be6 31. Re2 Rf1 32. Kg2 Rb1 33. a3 Bg4 34. Ree3 Rxb2+ 35. Kg1 Be6 36. g4 Nd2 37. Rxe5 Bf7 38. g5 Nc4 39. Re7 Bg6 40. Rxd5 Nd2 41. Rdd7 Nf3+ 42. Kf1 Bf5 43. Rxg7+ Kh8 44. Rdf7 Bh3# 0-1


[Site "https://www.chess.com"]

[Event "Titled Tuesday Blitz March 21 Late 2023"]
[White "Mazurkiewicz, Michal"]
[Black "Mihajlov, Sebastian"]
[WhiteFideId "1124943"]
[BlackFideId "1512110"]
[WhiteElo "2054"]
[BlackElo "2464"]
[Result "1-0"]
[Round "04"]
[TimeControl "180+2"]
[Date "2023.03.21"]
[WhiteClock "0:00:08"]
[BlackClock "0:00:18"]

1. e4 e6 2. d3 d5 3. Nd2 c5 4. Ngf3 Nc6 5. g3 dxe4 6. dxe4 e5 7. Bg2 f6 8. O-O Be6 9. c3 Qd7 10. Re1 Bd6 11. Qe2 Nge7 12. Nc4 Bc7 13. Rd1 Bxc4 14. Rxd7 Bxe2 15. Rxc7 Rb8 16. Be3 b6 17. Re1 Bxf3 18. Bxf3 Kd8 19. Rxe7 Kxe7 20. Bg4 Rhd8 21. f4 Rd6 22. Be2 Rbd8 23. Bb5 Rd1 24. Kf2 Rxe1 25. Kxe1 Kd6 26. a4 exf4 27. gxf4 Re8 28. Bd3 h6 29. Kf2 g5 30. e5+ fxe5 31. fxg5 hxg5 32. Bxg5 e4 33. Bf4+ Kd7 34. Bb5 Rg8 35. Ke3 Rg2 36. Kxe4 a6 37. Bxa6 Ne7 38. b4 Ng6 39. Bb5+ Kd8 40. Bg3 cxb4 41. cxb4 Rb2 42. Kd5 Rxb4 43. Kc6 Ne7+ 44. Kxb6 Rb2 45. Bh4 Rxh2 46. Bxe7+ Kxe7 47. a5 Kd8 48. a6 Kc8 49. a7 1-0


[Site "https://www.chess.com"]

[Event "Titled Tuesday Blitz March 21 Late 2023"]
[White "Di Berardino, Diego Rafael"]
[Black "Guzman Moneo, Alberto"]
[WhiteFideId "2105446"]
[BlackFideId "2209616"]
[WhiteElo "2432"]
[BlackElo "2157"]
[Result "0-1"]
[Round "04"]
[TimeControl "180+2"]
[Date "2023.03.21"]
[WhiteClock "0:00:03"]
[BlackClock "0:00:20"]

1. d4 Nf6 2. Nf3 c5 3. d5 b5 4. Bg5 d6 5. Bxf6 exf6 6. e4 a6 7. a4 b4 8. Nbd2 f5 9. Bd3 fxe4 10. Nxe4 Be7 11. O-O O-O 12. Nfd2 Nd7 13. Nc4 Nb6 14. Nxb6 Qxb6 15. a5 Qc7 16. c4 f5 17. Nd2 Bf6 18. Qc2 g6 19. Rfe1 Qg7 20. Rab1 Bd7 21. Re2 Rae8 22. b3 Rxe2 23. Bxe2 Re8 24. Kf1 Bc3 25. Nf3 Qe7 26. Rd1 Qd8 27. Qa2 Kg7 28. g3 Qf6 29. h4 h6 30. Rd3 g5 31. Qc2 g4 32. Nh2 h5 33. Qc1 Be5 34. Re3 f4 35. Rxe5 Rxe5 36. gxf4 Rf5 37. Kg1 Rxf4 38. Qe3 Qe5 39. Qd2 Bf5 40. Nf1 Be4 41. Ng3 Bg6 42. Qxf4 Qxf4 0-1


[Site "https://www.chess.com"]

[Event "Titled Tuesday Blitz March 21 Late 2023"]
[White "Ambartsumova, Karina"]
[Black "Gatterer, Florian"]
[WhiteFideId "4166299"]
[BlackFideId "811688"]
[WhiteElo "2300"]
[BlackElo "2221"]
[Result "1-0"]
[Round "04"]
[TimeControl "180+2"]
[Date "2023.03.21"]
[WhiteClock "0:00:06"]
[BlackClock "0:00:04"]

1. c4 e6 2. Nc3 d5 3. e3 Nf6 4. Nf3 c5 5. cxd5 exd5 6. d4 Nc6 7. Bb5 cxd4 8. Nxd4 Bd7 9. Be2 a6 10. O-O Bd6 11. b3 Nxd4 12. Qxd4 Qc7 13. Bb2 Bxh2+ 14. Kh1 Be5 15. Nxd5 Nxd5 16. Qxe5+ Qxe5 17. Bxe5 O-O 18. Rfd1 Bc6 19. e4 Ne7 20. f3 Rfe8 21. Bd6 Ng6 22. Bc4 Ne5 23. Bf1 f6 24. Rac1 Nf7 25. Bc7 Rac8 26. Bb6 Ne5 27. a4 h5 28. Kg1 Kf7 29. Kf2 h4 30. Be2 g5 31. Rd6 Re6 32. Rd2 Ree8 33. Rdc2 Ke6 34. b4 Bd7 35. b5 Rxc2 36. Rxc2 axb5 37. axb5 Rc8 38. Ra2 Rc3 39. Bd4 Rc1 40. Ra7 Bc8 41. b6 Kd6 42. Ra8 Kd7 43. Rb8 Kd6 44. Be3 Rc2 45. Ke1 Rc3 46. Bd4 Rc2 47. Kd1 Rc6 48. Bb5 Bd7 49. Bxc6 Bxc6 50. Bxe5+ Kxe5 51. Ke2 f5 52. exf5 Kxf5 53. Ke3 g4 54. Rc8 gxf3 55. gxf3 Bd5 56. Rc5 Ke6 57. Kf4 h3 58. Kg3 h2 59. Kxh2 Bxf3 60. Rc7 1-0


[Site "https://www.chess.com"]

[Event "Titled Tuesday Blitz March 21 Late 2023"]
[White "Garcia Cuenca, Victor"]
[Black "Drori, Saar"]
[WhiteFideId "2250829"]
[BlackFideId "2812444"]
[WhiteElo "2329"]
[BlackElo "2322"]
[Result "0-1"]
[Round "04"]
[TimeControl "180+2"]
[Date "2023.03.21"]
[WhiteClock "0:00:07"]
[BlackClock "0:00:05"]

1. g3 c5 2. Bg2 g6 3. Nf3 Bg7 4. O-O Nc6 5. c4 e6 6. Nc3 Nge7 7. b3 d5 8. cxd5 exd5 9. Bb2 O-O 10. Rc1 b6 11. d3 Bg4 12. h3 Bxf3 13. Bxf3 Nf5 14. Bg2 Re8 15. e4 dxe4 16. dxe4 Nfd4 17. Nd5 Qd6 18. Ba1 Rad8 19. Re1 Ne7 20. Qd3 Nec6 21. f4 Qd7 22. Kh2 Ne7 23. b4 Nxd5 24. exd5 Rxe1 25. Rxe1 Qa4 26. bxc5 bxc5 27. Qd2 Bf6 28. f5 Kg7 29. fxg6 hxg6 30. Qf2 Rd6 31. Rf1 Qc4 32. Bb2 Qd3 33. Bc1 Nf5 34. Bf4 Rd8 35. g4 Bd4 36. Qe1 Ne3 37. Rf3 Nxg2 38. Kxg2 Qc2+ 39. Kg3 Rxd5 40. Qe8 Bf6 41. Bh6+ Kxh6 42. Rxf6 Qc3+ 43. Rf3 Qe5+ 44. Qxe5 Rxe5 45. Rc3 Kg5 46. h4+ Kf6 47. Kf4 Ke6 48. Ra3 c4 49. Ra6+ Kd5 50. Ra5+ Kd4 51. Rxe5 c3 52. Re7 c2 53. Rc7 Kd3 54. h5 gxh5 55. gxh5 Kd2 56. h6 c1=Q 57. Rxc1 Kxc1 0-1


[Site "https://www.chess.com"]

[Event "Titled Tuesday Blitz March 21 Late 2023"]
[White "Rastbod, Ali"]
[Black "TigranHH"]
[WhiteFideId "12567477"]
[WhiteElo "2211"]
[BlackElo "2307"]
[Result "1-0"]
[Round "04"]
[TimeControl "180+2"]
[Date "2023.03.21"]
[WhiteClock "0:00:34"]
[BlackClock "0:00:18"]

1. Nf3 d5 2. c4 d4 3. b4 g5 4. Bb2 Bg7 5. h3 h6 6. g3 e5 7. d3 Ne7 8. Bg2 Be6 9. a4 Nd7 10. a5 a6 11. Nbd2 Ng6 12. e3 dxe3 13. fxe3 h5 14. Ne4 g4 15. Nfg5 Qe7 16. Nxe6 Qxe6 17. h4 f5 18. Ng5 Qe7 19. Qb3 O-O-O 20. O-O-O Rhe8 21. c5 c6 22. Nf7 Nf6 23. Nxd8 Rxd8 24. Rhf1 f4 25. exf4 exf4 26. Rde1 Qd7 27. gxf4 Nxh4 28. Be4 Nxe4 29. dxe4 Nf3 30. Rd1 Bxb2+ 31. Qxb2 Qe6 32. Rxd8+ Kxd8 33. Rd1+ Kc8 34. Qh8+ Kc7 35. Qd8# 1-0


[Site "https://www.chess.com"]

[Event "Titled Tuesday Blitz March 21 Late 2023"]
[White "Domingo Nunez, Alejandro"]
[Black "Onslow, Alfie"]
[WhiteFideId "22245561"]
[BlackFideId "436976"]
[WhiteElo "2230"]
[BlackElo "2114"]
[Result "1-0"]
[Round "04"]
[TimeControl "180+2"]
[Date "2023.03.21"]
[WhiteClock "0:00:36"]
[BlackClock "0:01:24"]

1. Nf3 c5 2. g3 Nc6 3. d4 cxd4 4. Nxd4 Nf6 5. Bg2 e5 6. Nxc6 bxc6 7. O-O Be7 8. c4 O-O 9. Nc3 Qc7 10. Bg5 d6 11. Rc1 Rb8 12. b3 h6 13. Bxf6 Bxf6 14. Qd3 Be7 15. Rfd1 f5 16. f4 e4 17. Qd2 Be6 18. e3 Bf6 19. Qxd6 Qf7 20. Qxc6 Rfd8 21. Nd5 Rbc8 22. Nxf6+ Qxf6 23. Qa6 Qb2 24. Qxe6+ Kh8 25. Qxf5 Qxa2 26. Bxe4 1-0


[Site "https://www.chess.com"]

[Event "Titled Tuesday Blitz March 21 Late 2023"]
[White "Jeet, Jain"]
[Black "EREBUNI91"]
[WhiteFideId "5073022"]
[WhiteElo "2067"]
[BlackElo "2707"]
[Result "0-1"]
[Round "04"]
[TimeControl "180+2"]
[Date "2023.03.21"]
[WhiteClock "0:00:08"]
[BlackClock "0:00:08"]

1. Nf3 Nf6 2. g3 b6 3. Bg2 Bb7 4. O-O e6 5. d4 Be7 6. c4 O-O 7. Nc3 Ne4 8. Nxe4 Bxe4 9. Nd2 Bxg2 10. Kxg2 d5 11. e4 c6 12. b3 Nd7 13. Bb2 Rc8 14. Rc1 dxe4 15. Nxe4 Nf6 16. Qf3 Nxe4 17. Qxe4 Bf6 18. Rfd1 Qd7 19. Rc2 Rfd8 20. Rcd2 Qe7 21. d5 Bxb2 22. Rxb2 cxd5 23. cxd5 Qb7 24. Rbd2 Rc5 25. Kf3 exd5 26. Kg2 g6 27. Qd4 Qe7 28. Rd3 Re8 29. b4 Rc4 30. Qxd5 Rxb4 31. Re3 Re4 32. Rf3 Qe6 33. Qb7 Re7 34. Qa8+ Kg7 35. Rd8 f5 36. Rh8 Qf7 37. Rd3 Re8 38. Rxe8 Rxe8 39. Qc6 Re7 40. a4 Qf6 41. Qc8 Qe5 42. Rd8 Qe4+ 43. Kg1 Rf7 44. Rg8+ Kh6 45. Qc1+ f4 46. Rc8 Qxa4 47. Rc4 Qd7 48. Rxf4 Rxf4 49. Qxf4+ Kg7 50. Qe5+ Kf7 51. Qf4+ Ke7 52. Qh4+ Kd6 53. Qd4+ Kc6 54. Qa4+ Kd6 55. Qd4+ Ke7 56. Qg7+ Kd8 57. Qf6+ Kc7 58. Qe5+ Kb7 59. Qe4+ Ka6 60. Qe2+ b5 61. Qa2+ Kb6 62. h4 a5 63. h5 b4 64. hxg6 hxg6 65. Qe2 a4 66. Qe3+ Kb5 67. Qe5+ Kc4 68. Qe4+ Qd4 69. Qxg6 a3 70. Qe6+ Kc3 71. Qe1+ Kb3 72. Qb1+ Ka4 73. Qc2+ b3 74. Qc6+ Kb4 75. Qb7+ Kc3 76. Qc6+ Kb2 77. Qe6 a2 78. Qe2+ Kc1 79. Qe1+ Qd1 0-1


[Site "https://www.chess.com"]

[Event "Titled Tuesday Blitz March 21 Late 2023"]
[White "ritanovikova"]
[Black "Torres Dominguez, David"]
[BlackFideId "2220857"]
[WhiteElo "2206"]
[BlackElo "1999"]
[Result "0-1"]
[Round "04"]
[TimeControl "180+2"]
[Date "2023.03.21"]
[WhiteClock "0:00:03"]
[BlackClock "0:00:46"]

1. e4 Nc6 2. d4 e5 3. d5 Nce7 4. d6 cxd6 5. Qxd6 Nc6 6. Qd1 Nf6 7. Nd2 d5 8. exd5 Qxd5 9. Ngf3 Bg4 10. Be2 O-O-O 11. O-O e4 12. Ne1 Bxe2 13. Qxe2 Nd4 14. Qc4+ Qxc4 15. Nxc4 Ne2+ 16. Kh1 Rd1 17. Ne5 Rxc1 18. Rxc1 Nxc1 19. Nxf7 Rg8 20. g3 Ne2 21. Ng2 Nd4 22. c3 Nf3 23. Rd1 Bc5 24. Nd6+ Bxd6 25. Rxd6 Kc7 26. Rd1 Rd8 27. Rxd8 Kxd8 28. Nf4 g5 29. Ne6+ Ke7 30. Nc5 b6 31. Nb3 Kd6 32. Kg2 Ke5 33. h3 Ne1+ 34. Kf1 Nd3 35. Nd4 a6 36. b3 h6 37. Nc2 Nd5 38. c4 Nc3 39. Ne3 Nxa2 40. Ng4+ Kd4 41. Nxh6 Ne5 42. h4 gxh4 43. gxh4 Nf3 44. h5 Nc1 45. b4 a5 46. bxa5 bxa5 47. Nf5+ Kxc4 48. h6 Ng5 49. Ne3+ Kd3 50. Nd5 a4 51. Nb4+ Kc4 52. Nc6 a3 53. Ne5+ Kd5 54. Nf7 Nxf7 55. h7 Nh8 56. f4 a2 57. f5 a1=Q 0-1


[Site "https://www.chess.com"]

[Event "Titled Tuesday Blitz March 21 Late 2023"]
[White "Jaferian, Koosha"]
[Black "Kovalevsky, Stanislav"]
[WhiteFideId "12507440"]
[BlackFideId "13508598"]
[WhiteElo "2107"]
[BlackElo "2174"]
[Result "1-0"]
[Round "04"]
[TimeControl "180+2"]
[Date "2023.03.21"]
[WhiteClock "0:02:01"]
[BlackClock "0:01:08"]

1. e4 e6 2. d4 d5 3. Bd3 c5 4. exd5 Qxd5 5. Nc3 Qxd4 6. Nb5 Qe5+ 7. Ne2 g5 8. f4 gxf4 9. Bxf4 Qxb2 10. Nc7+ Ke7 11. Nxa8 Nc6 12. Nc7 Bg7 13. Rb1 Qxa2 14. O-O Nf6 15. Bc4 Qxc4 16. Qd6# 1-0


[Site "https://www.chess.com"]

[Event "Titled Tuesday Blitz March 21 Late 2023"]
[White "Darini, Pouria"]
[Black "Szente Varga, Fruzsina"]
[WhiteFideId "12502200"]
[BlackFideId "712264"]
[WhiteElo "2482"]
[BlackElo "1994"]
[Result "1-0"]
[Round "04"]
[TimeControl "180+2"]
[Date "2023.03.21"]
[WhiteClock "0:01:44"]
[BlackClock "0:00:29"]

1. a4 Nf6 2. a5 g6 3. g3 Bg7 4. Bg2 O-O 5. a6 d5 6. axb7 Bxb7 7. d4 Ne4 8. Nf3 Nc6 9. O-O e5 10. c3 exd4 11. cxd4 Rb8 12. Nc3 Ba8 13. e3 f5 14. Ne1 Kh8 15. Nd3 Qd6 16. f3 Nf6 17. f4 Ne4 18. Ne5 Nxe5 19. fxe5 Qb6 20. Qc2 Rbc8 21. Na4 Qb5 22. Bd2 c5 23. Bxe4 fxe4 24. Nxc5 Rxf1+ 25. Rxf1 Bxe5 26. dxe5 Qxc5 27. Qxc5 Rxc5 28. Rf8+ Kg7 29. Rxa8 Rc2 30. Rxa7+ Kh6 31. e6 Rc6 32. e7 Re6 33. Bb4 1-0


[Site "https://www.chess.com"]

[Event "Titled Tuesday Blitz March 21 Late 2023"]
[White "Skvortsov, Andrei"]
[Black "Szyszylo, Rafal"]
[WhiteFideId "24108600"]
[BlackFideId "1109626"]
[WhiteElo "2259"]
[BlackElo "1951"]
[Result "1-0"]
[Round "04"]
[TimeControl "180+2"]
[Date "2023.03.21"]
[WhiteClock "0:00:29"]
[BlackClock "0:00:01"]

1. d4 g6 2. c4 Nf6 3. Nc3 d6 4. e4 Bg7 5. Be2 O-O 6. Be3 Na6 7. Nf3 e5 8. dxe5 dxe5 9. Qc2 c6 10. a3 Qe7 11. h3 Nh5 12. O-O-O Nf4 13. Bf1 Nc5 14. g3 Nh5 15. Bg5 Bf6 16. Bh6 Re8 17. Be2 a5 18. Nd2 a4 19. Kb1 Ng7 20. f4 Nge6 21. fxe5 Bxe5 22. Nf3 Bxg3 23. h4 Nf4 24. Rdg1 Nxe2 25. Qxe2 Nxe4 26. Nxe4 Qxe4+ 27. Qxe4 Rxe4 28. Rxg3 Bf5 29. Ka1 Rxc4 30. Bd2 h5 31. Bc3 Re8 32. Nd4 Bg4 33. Rhg1 Re4 34. Nc2 Rc5 35. Ne3 f5 36. Nxg4 hxg4 37. Rd3 Kf7 38. Rd7+ Re7 39. Rd8 Rd5 40. Rh8 Ke6 41. Kb1 Kd7 42. Rg8 Re6 43. Rg7+ Kd6 44. Rxb7 Rd3 45. Rg7 Kd5 46. Kc2 Rf3 47. Rd7+ Ke4 48. Rd4+ Ke5 49. Re1+ Kf6 50. Rd6+ 1-0


[Site "https://www.chess.com"]

[Event "Titled Tuesday Blitz March 21 Late 2023"]
[White "Diaz Perez, Michel Alejandro"]
[Black "Jimenez Jimenez, Leandro"]
[WhiteFideId "3517179"]
[BlackFideId "6415253"]
[WhiteElo "2333"]
[BlackElo "2263"]
[Result "1-0"]
[Round "04"]
[TimeControl "180+2"]
[Date "2023.03.21"]
[WhiteClock "0:02:27"]
[BlackClock "0:00:52"]

1. Nf3 d5 2. c4 d4 3. e3 c5 4. exd4 cxd4 5. d3 Nc6 6. g3 e5 7. Bg2 Bd6 8. O-O Nf6 9. b4 Nxb4 10. Re1 Nc6 11. Nxe5 Nxe5 12. f4 Ng4 13. fxe5 Nxe5 14. Bf4 Qc7 15. Bxe5 Bxe5 16. Qh5 Bf5 17. Qxf5 O-O 18. Qxe5 1-0


[Site "https://www.chess.com"]

[Event "Titled Tuesday Blitz March 21 Late 2023"]
[White "Sai Krishna G V"]
[Black "Rios Escobar, Adan"]
[WhiteFideId "5028280"]
[BlackFideId "3403645"]
[WhiteElo "2359"]
[BlackElo "2402"]
[Result "1-0"]
[Round "04"]
[TimeControl "180+2"]
[Date "2023.03.21"]
[WhiteClock "0:00:07"]
[BlackClock "0:00:02"]

1. d4 Nf6 2. Bg5 e6 3. e4 c5 4. e5 h6 5. Bh4 g5 6. Bg3 Ne4 7. d5 Nxg3 8. hxg3 Bg7 9. f4 d6 10. Bb5+ Kf8 11. Ne2 dxe5 12. fxg5 exd5 13. g6 fxg6 14. Nbc3 d4 15. Bc4 Bf6 16. Ne4 Kg7 17. O-O Rf8 18. Nxc5 Qb6 19. Na4 Qc6 20. Qd3 a6 21. Qb3 Nd7 22. Bd5 Qd6 23. c4 Nc5 24. Nxc5 Qxc5 25. Nc1 d3+ 26. Kh2 Bf5 27. Nxd3 Bxd3 28. Qxd3 Rad8 29. Qb3 b5 30. Rad1 bxc4 31. Bxc4 Rb8 32. Rd7+ Kh8 33. Qd3 Rbc8 34. Qxg6 e4 35. Qh7# 1-0


[Site "https://www.chess.com"]

[Event "Titled Tuesday Blitz March 21 Late 2023"]
[White "Castellanos Gomez, Alejandro"]
[Black "Araujo Sanchez, Josue"]
[WhiteFideId "22284141"]
[BlackFideId "6416896"]
[WhiteElo "2158"]
[BlackElo "2416"]
[Result "1-0"]
[Round "04"]
[TimeControl "180+2"]
[Date "2023.03.21"]
[WhiteClock "0:00:23"]
[BlackClock "0:00:07"]

1. d4 Nf6 2. Bf4 g6 3. Nc3 d5 4. Qd2 Bg7 5. Bh6 O-O 6. h4 Bxh6 7. Qxh6 Ng4 8. Qd2 h5 9. f3 Nf6 10. O-O-O Bf5 11. g4 hxg4 12. h5 Nc6 13. hxg6 fxg6 14. Qh6 Kf7 15. e4 dxe4 16. fxe4 Nxe4 17. Bc4+ e6 18. d5 Ne5 19. dxe6+ Kf6 20. Qh4+ g5 21. Qh6+ Ng6 22. Rxd8 Rfxd8 23. Qh2 Rh8 24. Nxe4+ Bxe4 25. Qf2+ Nf4 26. Rxh8 Rxh8 27. Qd4+ Kf5 28. Qxh8 1-0


[Site "https://www.chess.com"]

[Event "Titled Tuesday Blitz March 21 Late 2023"]
[White "liwadas82"]
[Black "Kurtz, Eric M"]
[BlackFideId "30939763"]
[WhiteElo "2399"]
[BlackElo "2619"]
[Result "0-1"]
[Round "04"]
[TimeControl "180+2"]
[Date "2023.03.21"]
[WhiteClock "0:00:02"]
[BlackClock "0:00:37"]

1. e4 d6 2. d4 Nf6 3. Nc3 g6 4. Be3 c6 5. f3 Nbd7 6. Qd2 b5 7. O-O-O Nb6 8. Bd3 Qc7 9. g4 h5 10. g5 Nfd7 11. Kb1 b4 12. Nce2 a5 13. Nc1 Bg7 14. Nge2 c5 15. Bb5 O-O 16. Rhe1 a4 17. f4 Ra5 18. Bxd7 Bxd7 19. b3 axb3 20. cxb3 Rfa8 21. dxc5 dxc5 22. Qc2 Be6 23. Rd2 c4 24. Bxb6 Qxb6 25. bxc4 b3 26. Qxb3 Qc7 27. Qc2 Bxc4 28. Nd4 Qxf4 29. Red1 Rb8+ 30. Ndb3 Bxb3 31. Nxb3 Raa8 32. Rd3 Qe5 33. Rd4 Qxg5 0-1


[Site "https://www.chess.com"]

[Event "Titled Tuesday Blitz March 21 Late 2023"]
[White "Liu, Casper"]
[Black "Pinheiro, Iung Alicio de O."]
[WhiteFideId "1454153"]
[BlackFideId "2104350"]
[WhiteElo "2221"]
[BlackElo "2283"]
[Result "1-0"]
[Round "04"]
[TimeControl "180+2"]
[Date "2023.03.21"]
[WhiteClock "0:00:13"]
[BlackClock "0:00:08"]

1. d4 Nf6 2. c4 g6 3. Nc3 Bg7 4. e4 d6 5. Be2 O-O 6. g4 c5 7. g5 Ne8 8. d5 e6 9. h4 exd5 10. exd5 Nc7 11. h5 Re8 12. hxg6 hxg6 13. Qd3 b5 14. cxb5 Nd7 15. Qh3 Nb6 16. Qh7+ Kf8 17. Bd2 Nbxd5 18. O-O-O Nxc3 19. Bxc3 Qxg5+ 20. Kb1 Bf5+ 21. Ka1 Bxc3 22. bxc3 Qf6 23. Kb2 Rab8 24. a4 a6 25. Qh8+ Qxh8 26. Rxh8+ Ke7 27. Rxe8+ Nxe8 28. c4 a5 29. Nf3 Nc7 30. Nd2 Na8 31. Nb3 Nb6 32. Nxa5 Nxa4+ 33. Kb3 Ra8 34. Nc6+ Kd7 35. Bf3 Kc7 36. Ne7 Ra7 37. Nxf5 gxf5 38. Ra1 d5 39. Bxd5 Kd6 40. Rxa4 Re7 41. Ra6+ Ke5 42. b6 Kd4 43. b7 Re1 44. Kc2 Re2+ 45. Kc1 Re1+ 46. Kd2 Rb1 47. Ra8 Rb2+ 48. Kc1 Rxf2 49. b8=Q Kc3 50. Qe5+ Kd3 51. Ra3# 1-0


[Site "https://www.chess.com"]

[Event "Titled Tuesday Blitz March 21 Late 2023"]
[White "ArturoCaceres"]
[Black "Poliakova, Varvara"]
[BlackFideId "13518313"]
[WhiteElo "2396"]
[BlackElo "2075"]
[Result "0-1"]
[Round "04"]
[TimeControl "180+2"]
[Date "2023.03.21"]
[WhiteClock "0:00:03"]
[BlackClock "0:00:29"]

1. Nf3 f5 2. h3 d6 3. d4 g6 4. Nc3 Bg7 5. e4 Nf6 6. Bd3 fxe4 7. Nxe4 Nxe4 8. Bxe4 O-O 9. O-O Nc6 10. Re1 e5 11. Bxc6 bxc6 12. dxe5 dxe5 13. Qxd8 Rxd8 14. Bg5 Re8 15. Nd2 h6 16. Be3 Bf5 17. c3 Rad8 18. g4 Bc2 19. Rac1 Bd3 20. Nf1 e4 21. Ng3 Kh7 22. Ne2 Rb8 23. b3 a5 24. Nf4 a4 25. Nxd3 exd3 26. b4 Re4 27. Red1 Rd8 28. Kg2 Rc4 29. Bd2 Rd5 30. Re1 Rd7 31. f3 c5 32. b5 a3 33. Re6 Ra4 34. Rc6 c4 35. Re1 Ra5 36. Rxc4 Rxb5 37. Rb4 Rxb4 38. cxb4 Bf8 39. Re4 Rd6 40. Kf2 Rc6 41. Ke3 Rc2 42. Kxd3 Rxa2 43. Re8 Bg7 44. Rc8 Rxd2+ 45. Kxd2 a2 46. Ra8 a1=Q 47. Rxa1 Bxa1 48. Kd3 g5 49. Ke4 Kg6 50. f4 gxf4 51. Kxf4 c6 52. h4 Bc3 53. h5+ Kf6 0-1


[Site "https://www.chess.com"]

[Event "Titled Tuesday Blitz March 21 Late 2023"]
[White "Toktomushev, Teimur"]
[Black "Manukyan, Sargis V."]
[WhiteFideId "14176726"]
[BlackFideId "13303465"]
[WhiteElo "2116"]
[BlackElo "2236"]
[Result "0-1"]
[Round "04"]
[TimeControl "180+2"]
[Date "2023.03.21"]
[WhiteClock "0:00:02"]
[BlackClock "0:01:21"]

1. d4 e6 2. c4 c5 3. d5 exd5 4. cxd5 a6 5. e4 d6 6. a4 Ne7 7. Nc3 Ng6 8. Be2 Be7 9. Nf3 Bg4 10. Nd2 Bxe2 11. Qxe2 Nd7 12. O-O O-O 13. Nc4 Nde5 14. Na3 Bf6 15. f4 Nd7 16. Nc4 Bd4+ 17. Be3 Nf6 18. Rad1 Bxe3+ 19. Qxe3 Re8 20. Qf3 Rb8 21. a5 Qc7 22. Rfe1 Nd7 23. g3 b5 24. axb6 Nxb6 25. Ne3 Nd7 26. Rd2 Rb4 27. h4 h6 28. h5 Ne7 29. Kg2 Qb7 30. Ree2 Nf6 31. g4 Nh7 32. Qg3 f6 33. Nf5 Nxf5 34. gxf5 Qf7 35. Qg6 Nf8 36. Qxf7+ Kxf7 37. Kf3 Reb8 38. Rc2 Nd7 39. Nd1 a5 40. Nf2 Rb3+ 41. Kg2 a4 42. Ng4 Re8 0-1


[Site "https://www.chess.com"]

[Event "Titled Tuesday Blitz March 21 Late 2023"]
[White "Yelisieiev, Yevhenii"]
[Black "Hoffmann, Asa"]
[WhiteFideId "14139642"]
[BlackFideId "2001470"]
[WhiteElo "2447"]
[BlackElo "2117"]
[Result "0-1"]
[Round "04"]
[TimeControl "180+2"]
[Date "2023.03.21"]
[WhiteClock "0:00:03"]
[BlackClock "0:00:14"]

1. d4 Nf6 2. Nf3 d6 3. g3 c6 4. Bg2 Bf5 5. O-O h6 6. b3 Nbd7 7. Bb2 e6 8. c4 d5 9. Nc3 Bd6 10. Nd2 O-O 11. e4 dxe4 12. Ndxe4 Be7 13. Re1 a5 14. Qd2 Qc7 15. d5 Bb4 16. d6 Qb6 17. a3 Bxc3 18. Qxc3 Rfd8 19. c5 Qa7 20. b4 Rac8 21. Nd2 b6 22. Rec1 bxc5 23. bxc5 Rb8 24. Nb3 Qb7 25. Nxa5 Qxb2 26. Nxc6 Qxc3 27. Rxc3 Nd5 28. Bxd5 exd5 29. Nxb8 Nxb8 30. c6 Rxd6 31. c7 Nc6 32. Rac1 Ne7 33. Rb3 d4 34. Rb8+ Kh7 35. Re1 Nc8 36. Rb5 Bd7 37. Rc5 d3 38. Rd1 d2 39. Rc2 Ba4 40. Rdxd2 Bxc2 41. Rxc2 Kg6 42. a4 Kf6 43. a5 Ke7 44. Ra2 Ra6 45. Kg2 Kd7 46. Re2 Kxc7 47. Re8 Rxa5 48. Rf8 Rf5 49. g4 Rf6 50. Kg3 Nd6 51. f4 g6 52. h4 h5 53. gxh5 gxh5 54. Rh8 Rf5 55. Rh6 Kd7 56. Kf3 Ke7 57. Ke3 Ra5 58. Rh8 Nf5+ 59. Ke4 Nxh4 60. Rh6 Ng6 61. f5 Re5+ 62. Kd4 Rxf5 63. Ke4 Kf6 64. Rh8 h4 65. Rh5 Rxh5 0-1


[Site "https://www.chess.com"]

[Event "Titled Tuesday Blitz March 21 Late 2023"]
[White "drdaro"]
[Black "Reprintsev, Alexander"]
[BlackFideId "14100541"]
[WhiteElo "2381"]
[BlackElo "2229"]
[Result "1-0"]
[Round "04"]
[TimeControl "180+2"]
[Date "2023.03.21"]
[WhiteClock "0:01:25"]
[BlackClock "0:01:49"]

1. d4 d5 2. g3 Nf6 3. Bg2 e6 4. c4 dxc4 5. Qc2 Nc6 6. Bxc6+ bxc6 7. Qxc4 Qd5 8. Qxd5 cxd5 9. Bf4 c5 10. dxc5 Bxc5 11. Nc3 O-O 12. Nf3 Ba6 13. O-O Ne4 14. Rfc1 Rfc8 15. e3 Nxc3 16. Rxc3 Bb4 17. Rcc1 f6 18. Bc7 e5 19. a3 Be7 20. b4 Kf7 21. Rab1 Bb5 22. Ra1 Ba4 23. Nd2 Ke6 24. Kf1 Bd6 25. Bxd6 Kxd6 26. Ke2 Bb5+ 27. Kd1 g5 28. Ke1 g4 29. Nb3 Rc4 30. Nc5 Rg8 31. a4 Bc6 32. Rxc4 dxc4 33. Rd1+ Ke7 34. b5 Bf3 35. Rd7+ Kf8 36. Rxa7 Rg5 37. Ne6+ Ke8 38. Nxg5 fxg5 39. Kd2 1-0


[Site "https://www.chess.com"]